 Dungeon Sprint DCSS version 0.22-a0-32-ga749362 (webtiles) character file.

62404 Faca the Pulveriser (level 15, -14/120 HPs)
             Began as a Gargoyle Gladiator on Jan 3, 2018.
             Was the Champion of Qazlal.
             Demolished by a stone giant (20 damage)
             ... in the Dungeon (Sprint IX: "|||||||||||||||||||||||||||||").
             The game lasted 00:27:21 (4980 turns).

Faca the Pulveriser (Gargoyle Gladiator)            Turns: 4980, Time: 00:27:22

Health: -14/120    AC: 54    Str: 25    XL:     15   Next: 6%
Magic:  17/17      EV: 14    Int: 10    God:    Qazlal [******]
Gold:   1814       SH:  8    Dex: 16    Spells: 14/14 levels left

rFire    . . .     SeeInvis .   q - +4 quarterstaff of Untruth {protect, Str+4}
rCold    . . .     Gourm    .   (shield currently unavailable)
rNeg     + . .     Faith    .   B - +2 plate armour
rPois    ∞         Spirit   .   c - +2 helmet
rElec    +         Reflect  .   C - +1 cloak
rCorr    .         Harm     .   (no gloves)
MR       +....     NoTele   +   n - +0 pair of boots
Stlth    ..........             (no amulet)
HPRegen  0.30/turn              t - +3 ring of strength
MPRegen  0.15/turn              w - +5 ring of protection

@: marked, protected from physical damage, protection aura, very slightly
contaminated, invisible, repel missiles
A: big wings, negative energy resistance 1, sense surroundings 1, electricity
resistance, unbreathing, petrification resistance, rot immunity, AC +11
a: Fly, Upheaval, Elemental Force, Disaster Area, Renounce Religion


You were in the Dungeon.
You worshipped Qazlal.
Qazlal was exalted by your worship.
You were not hungry.

You visited 1 branch You collected 1919 gold pieces.
You spent 105 gold pieces at shops.

Inventory:

Hand Weapons
 b - a +1 lajatang
 p - a +2 dire flail of crushing
 q - the +4 quarterstaff of Untruth (weapon) {protect, Str+4}
   (You found it in the Dungeon)

   It protects the one who uses it against injury (+AC on strike).
   It affects your strength (+4).
Missiles
 d - 3 throwing nets (quivered)
Armour
 c - a +2 helmet (worn)
 n - a +0 pair of boots (worn)
 B - a +2 plate armour (worn)
 C - a +1 cloak (worn)
Jewellery
 s - an uncursed ring of protection from cold
 t - a +3 ring of strength (left hand)
 w - a +5 ring of protection (right hand)
Wands
 o - a wand of iceblast (10)
Scrolls
 k - 3 scrolls of blinking
 m - 5 scrolls of remove curse
 y - 2 scrolls of fear
 z - 3 scrolls of enchant armour
 A - 6 scrolls of enchant weapon
Potions
 a - 2 potions of flight
 e - 6 potions of curing
 h - 2 potions of haste
 i - 4 potions of magic
 j - a potion of berserk rage
 r - 2 potions of ambrosia
 v - a potion of mutation
 D - a potion of brilliance
Comestibles
 f - 8 rations


   Skills:
 + Level 23.7 Fighting
 + Level 9.6(18.6) Maces & Flails
 + Level 24.3(24.7) Staves
 - Level 2.3 Throwing
 + Level 16.6 Armour
 + Level 11.0 Dodging
 + Level 3.8 Invocations


You had 14 spell levels left.
You didn't know any spells.

Dungeon Overview and Level Annotations

Branches:
Dungeon (1/1)

Altars:
Cheibriados
Dithmenos
Elyvilon
Fedhas
Gozag
Hepliaklqana
Kikubaaqudgha
Makhleb
Nemelex Xobeh
Okawaru
Qazlal
Ru
Sif Muna
Trog
Uskayaw
Vehumet
Wu Jian
Xom
Yredelemnul
Zin
The Shining One
Beogh
Jiyva
Lugonu

Shops:
D (=}*


Innate Abilities, Weirdness & Mutations

You are resistant to torment.
Your stone body is resilient. (AC +11)
You are immune to poison.
Your large and strong wings let you fly indefinitely.
You resist negative energy. (rN+)
You are resistant to electric shocks. (rElec)
You can survive without breathing.
You are immune to petrification.
You are immune to rotting.
You passively map a small area around you.


Message History

The stone giant is moderately wounded.
The stone giant hits you!
* * * LOW HITPOINT WARNING * * *
You feel more protected from physical attacks.
You hit the stone giant but do no damage.
The stone giant is moderately wounded.
You thump the stone giant!
The stone giant is moderately wounded.
The stone giant hits you!
* * * LOW HITPOINT WARNING * * *
You fade into invisibility!
You block the stone giant's attack.
You are very lightly contaminated with residual magic.
You sock the stone giant!
The stone giant is heavily wounded.
You catch the helpless stone giant completely off-guard!
You sock the stone giant!
The stone giant is heavily wounded.
The stone giant hits you!!
You die...

.▓.▓.▓.▓.▓'▓.▓.▓.▓.▓
.▓.▓.▓.▓.▓.▓.▓.▓(▓.▓, ,
.▓'▓.▓.▓.▓.▓.▓.▓(▓.▓
.▓.▓.▓.▓.▓.▓.▓.▓(▓.▓ *,
.▓.▓.▓.▓.▓.▓.▓.▓.▓.▓, ,
* .▓.▓.▓)▓.▓.▓.▓.▓.▓.▓
,* .▓.▓.▓)▓.▓.▓.▓.▓.▓.▓
, .▓.▓.▓.▓.▓.▓.▓.▓(▓.▓,*
* .▓.▓.▓.▓.▓.▓.▓.▓@▓[▓
...▓...▓...▓...▓)C.▓,,,*
, ▓▓▓▓▓▓▓▓▓▓▓▓▓▓▓▓▓▓▓▓ *


You could see a stone giant.

Vanquished Creatures
  Saint Roka (D)
  A lich (D)
  An Orb Guardian (D)
  A sphinx (D)
  A nagaraja (D)
  A fire giant (D)
  A ghost moth (D)
  2 frost giants (D)
  A draconian stormcaller (D)
  A very ugly thing (D)
  Nessos (D)
  4 yaktaur captains (D)
  An ettin (D)
  3 fire dragons (D)
  3 great orbs of eyes (D)
  An ice dragon (D)
  3 hydras (D)
  2 rakshasas (D)
  A catoblepas (D)
  4 centaur warriors (D)
  An alligator snapping turtle (D)
  An anaconda (D)
  An ogre mage (D)
  4 orc high priests (D)
  5 death yaks (D)
  A naga sharpshooter (D)
  A shock serpent (D)
  A hell knight (D)
  An unseen horror (D)
  A naga ritualist (D)
  A shambling mangrove (D)
  An ironbrand convoker (D)
  2 ugly things (D)
  2 orc sorcerers (D)
  An orb spider (D)
  A deep elf mage (D)
  A cyclops (D)
  8 orc knights (D)
  2 manticores (D)
  A merfolk siren (D)
  2 black mambas (D)
  A naga mage (D)
  A vault sentinel (D)
  A spiny frog (D)
  A tyrant leech (D)
  2 demonic crawlers (D)
  A tengu conjurer (D)
  A merfolk (D)
  A jumping spider (D)
  2 trolls (D)
  3 hornets (D)
  A blink frog (D)
  A slime creature (D)
  4 hippogriffs (D)
  3 snapping turtles (D)
  2 redbacks (D)
  A spriggan (D)
  A wraith (D)
  2 wyverns (D)
  Grum (D)
  2 basilisks (D)
  3 yaks (D)
  A vampire mosquito (D)
  A naga (D)
  An acid dragon (D)
  A water moccasin (D)
  3 porcupines (D)
  10 orc warriors (D)
  A swamp drake (D)
  A boggart (D)
  3 wolves (D)
  2 crocodiles (D)
  3 bullfrogs (D)
  2 scorpions (D)
  2 crimson imps (D)
  3 orc priests (D)
  4 orc wizards (D)
  An adder (D)
  An ooze (D)
  An adder zombie (D)
  A leopard gecko (D)
  17 orcs (D)
  A bat zombie (D)
  A goblin (D)
  A frilled lizard (D)
  A jackal skeleton (D)
  A kobold (D)
  2 quokka skeletons (D)
  A rat (D)
175 creatures vanquished.

Vanquished Creatures (others)
  A ghost moth (D)
  A yak (D)
  A swamp drake (D)
3 creatures vanquished.

Grand Total: 178 creatures vanquished

Notes
Turn   | Place    | Note
-------+----------+-------------------------------------------
     0 | D        | Faca the Gargoyle Gladiator began the quest for the Orb.
     0 | D        | Reached XP level 1. HP: 12/12 MP: 1/1
    16 | D        | Reached XP level 2. HP: 16/18 MP: 2/2
    26 | D        | Noticed a crimson imp
    56 | D        | Killed a crimson imp
    56 | D        | Reached skill level 5 in Maces & Flails
    56 | D        | Reached skill level 1 in Armour
    56 | D        | Reached XP level 3. HP: 11/23 MP: 3/3
    58 | D        | Reached XP level 4. HP: 13/28 MP: 4/4
   223 | D        | Found a roughly hewn altar of Beogh.
   223 | D        | Found a snail-covered altar of Cheibriados.
   223 | D        | Found a shadowy altar of Dithmenos.
   223 | D        | Found a white marble altar of Elyvilon.
   223 | D        | Found a blossoming altar of Fedhas.
   223 | D        | Found an opulent altar of Gozag.
   224 | D        | Found a hazy altar of Hepliaklqana.
   225 | D        | Found a viscous altar of Jiyva.
   226 | D        | Found an ancient bone altar of Kikubaaqudgha.
   227 | D        | Found a corrupted altar of Lugonu.
   228 | D        | Found a burning altar of Makhleb.
   229 | D        | Found a sparkling altar of Nemelex Xobeh.
   230 | D        | Found an iron altar of Okawaru.
   231 | D        | Found a stormy altar of Qazlal.
   232 | D        | Found a sacrificial altar of Ru.
   233 | D        | Found a deep blue altar of Sif Muna.
   234 | D        | Found a bloodstained altar of Trog.
   235 | D        | Found a hide-covered altar of Uskayaw.
   236 | D        | Found a radiant altar of Vehumet.
   237 | D        | Found an ornate altar of the Wu Jian Council.
   238 | D        | Found a shimmering altar of Xom.
   239 | D        | Found a basalt altar of Yredelemnul.
   241 | D        | Became a worshipper of Qazlal Stormbringer
   243 | D        | Found a glowing silver altar of Zin.
   244 | D        | Found a glowing golden altar of the Shining One.
   261 | D        | Got the +4 quarterstaff of Untruth {protect, Str+4}
   300 | D        | Reached skill level 1 in Staves
   301 | D        | Reached * piety under Qazlal
   307 | D        | Reached skill level 5 in Dodging
   307 | D        | Reached XP level 5. HP: 33/33 MP: 5/5
   315 | D        | Reached skill level 2 in Staves
   318 | D        | Reached ** piety under Qazlal
   325 | D        | Noticed a deep elf mage
   325 | D        | Noticed a troll
   325 | D        | Noticed a wyvern
   325 | D        | Noticed a hippogriff
   325 | D        | Noticed a wraith
   341 | D        | Killed a wraith
   341 | D        | Reached skill level 5 in Fighting
   341 | D        | Reached skill level 4 in Staves
   341 | D        | Reached XP level 6. HP: 32/40 MP: 6/6
   347 | D        | Killed a hippogriff
   347 | D        | Reached skill level 6 in Staves
   347 | D        | Reached skill level 5 in Armour
   347 | D        | Reached XP level 7. HP: 36/45 MP: 7/7
   352 | D        | Killed a wyvern
   352 | D        | Reached skill level 7 in Staves
   361 | D        | Killed a troll
   361 | D        | Reached *** piety under Qazlal
   361 | D        | Reached skill level 8 in Staves
   364 | D        | Reached XP level 8. HP: 26/52 MP: 8/8
   369 | D        | Killed a deep elf mage
   369 | D        | Reached skill level 9 in Staves
   637 | D        | Noticed a hippogriff
   637 | D        | Noticed a yak
   637 | D        | Noticed a wyvern
   637 | D        | Noticed a spiny frog
   645 | D        | Killed a spiny frog
   645 | D        | Reached skill level 10 in Staves
   650 | D        | Killed a wyvern
   650 | D        | Reached **** piety under Qazlal
   650 | D        | Reached skill level 11 in Staves
   650 | D        | Reached XP level 9. HP: 44/59 MP: 9/9
   662 | D        | Reached skill level 12 in Staves
   669 | D        | Reached ***** piety under Qazlal
   774 | D        | Reached skill level 13 in Staves
   797 | D        | Reached XP level 10. HP: 46/67 MP: 10/10
   804 | D        | Reached ****** piety under Qazlal
   804 | D        | Reached skill level 14 in Staves
   809 | D        | Reached skill level 10 in Fighting
   904 | D        | Noticed a catoblepas
   904 | D        | Noticed a death yak
   904 | D        | Noticed a death yak
   904 | D        | Noticed a death yak
   910 | D        | Noticed a death yak
   917 | D        | Killed a death yak
   921 | D        | Noticed a death yak
   928 | D        | Killed a death yak
   928 | D        | Reached skill level 15 in Staves
   961 | D        | Killed a death yak
   969 | D        | Killed a catoblepas
   969 | D        | Reached skill level 16 in Staves
   981 | D        | Killed a death yak
   981 | D        | Reached XP level 11. HP: 37/76 MP: 11/11
   991 | D        | Killed a death yak
  1361 | D        | Reached skill level 17 in Staves
  1438 | D        | Noticed an orc knight
  1438 | D        | Noticed an orc high priest
  1445 | D        | Killed an orc high priest
  1472 | D        | Killed an orc knight
  1511 | D        | Noticed an orc knight
  1540 | D        | Killed an orc knight
  1770 | D        | Found Olef's General Store.
  1770 | D        | Noticed an orc sorcerer
  1770 | D        | Noticed an orc knight
  1775 | D        | Killed an orc knight
  1776 | D        | Noticed an orc sorcerer
  1778 | D        | Paralysed by an orc sorcerer for 7 turns
  1786 | D        | Noticed an orc knight
  1790 | D        | Paralysed by an orc sorcerer for 4 turns
  1796 | D        | Killed an orc sorcerer
  1796 | D        | Reached skill level 18 in Staves
  1830 | D        | Paralysed by an orc sorcerer for 6 turns
  1840 | D        | Killed an orc sorcerer
  1868 | D        | Killed an orc knight
  1868 | D        | Reached skill level 15 in Fighting
  1868 | D        | Reached skill level 10 in Dodging
  2021 | D        | Noticed an orc knight
  2048 | D        | Killed an orc knight
  2080 | D        | Found Jelucwao's Gadget Shop.
  2083 | D        | Found Sutoxt's Jewellery Boutique.
  2087 | D        | Found Riogg's Weapon Shop.
  2089 | D        | Noticed an orc high priest
  2090 | D        | Noticed an orc knight
  2091 | D        | Noticed an orc high priest
  2092 | D        | Noticed an orc high priest
  2108 | D        | Gained mutation: You passively map a small area around you. [a neqoxec]
  2113 | D        | Killed an orc high priest
  2128 | D        | Killed an orc knight
  2128 | D        | Reached XP level 12. HP: 74/88 MP: 8/12
  2134 | D        | Killed an orc high priest
  2146 | D        | Noticed a soul eater
  2149 | D        | Killed an orc high priest
  2162 | D        | Bought a scroll of enchant armour for 105 gold pieces
  2440 | D        | Noticed a centaur warrior
  2443 | D        | Noticed a centaur warrior
  2451 | D        | Noticed a centaur warrior
  2467 | D        | Noticed a great orb of eyes
  2469 | D        | Killed a centaur warrior
  2469 | D        | Reached skill level 19 in Staves
  2469 | D        | Reached skill level 1 in Invocations
  2478 | D        | Noticed an ice dragon
  2483 | D        | Reached skill level 10 in Armour
  2485 | D        | Noticed a fire dragon
  2488 | D        | Killed a centaur warrior
  2492 | D        | Noticed a rakshasa
  2492 | D        | Killed a centaur warrior
  2522 | D        | Killed a great orb of eyes
  2539 | D        | Killed an ice dragon
  2556 | D        | Killed a fire dragon
  2563 | D        | Killed a rakshasa
  2793 | D        | Noticed Saint Roka
  2837 | D        | Killed Saint Roka
  2837 | D        | Reached skill level 20 in Staves
  2837 | D        | Reached XP level 13. HP: 19/99 MP: 14/14
  2918 | D        | Noticed Nessos
  2938 | D        | Killed Nessos
  3124 | D        | Noticed Grum
  3131 | D        | Killed Grum
  3215 | D        | Reached skill level 21 in Staves
  3413 | D        | Killed a ghost moth
  3430 | D        | Killed a ghost moth
  3539 | D        | Noticed a nagaraja
  3554 | D        | Killed a nagaraja
  3612 | D        | Reached skill level 22 in Staves
  3781 | D        | Gained mutation: Your large and strong wings let you fly indefinitely. [Gargoyle growth]
  3781 | D        | Reached XP level 14. HP: 79/110 MP: 15/15
  4136 | D        | Noticed a sphinx
  4140 | D        | Paralysed by a sphinx for 3 turns
  4142 | D        | Noticed a lich
  4150 | D        | Killed a sphinx
  4164 | D        | Noticed a brown very ugly thing
  4176 | D        | Killed a lich
  4190 | D        | Noticed a frost giant
  4196 | D        | Reached skill level 15 in Armour
  4236 | D        | Killed a brown very ugly thing
  4236 | D        | Reached skill level 23 in Staves
  4267 | D        | Killed a frost giant
  4270 | D        | Noticed a fire giant
  4282 | D        | Noticed a frost giant
  4291 | D        | Killed a fire giant
  4296 | D        | HP: 1/112 [frost giant/battleaxe of freezing (11)]
  4302 | D        | Killed a frost giant
  4823 | D        | Noticed an Orb Guardian
  4823 | D        | Noticed a yellow draconian stormcaller
  4832 | D        | Killed a yellow draconian stormcaller
  4853 | D        | Killed an Orb Guardian
  4853 | D        | Reached skill level 24 in Staves
  4947 | D        | Reached XP level 15. HP: 54/120 MP: 17/17
  4977 | D        | HP: 6/120 [stone giant (12)]
  4980 | D        | Demolished by a stone giant

Vault maps used:
D:        linesprint

Skill      XL: |  1  2  3  4  5  6  7  8  9 10 11 12 13 14 |
---------------+-------------------------------------------+-----
Throwing       | 2 |  2.3
Dodging        | 3 4 5 6 7 8 9 10 11 | 11.0
Maces & Flails | 5 6 8 9 |  9.6
Fighting       | 3 5 6 7 9 12 15 18 21 23 | 23.7
Armour         | 1 2 4 5 6 7 8 9 11 13 16 | 16.6
Staves         | 1 4 6 8 11 13 16 18 20 22 24 | 24.3
Invocations    | 2 3 |  3.8

Action                   |  1- 3 |  4- 6 |  7- 9 | 10-12 | 13-15 || total
-------------------------+-------+-------+-------+-------+-------++-------
Melee: Flail             |    43 |       |       |       |       ||    43
       Quarterstaff      |       |    49 |    93 |   470 |   586 ||  1198
Invok: Upheaval          |       |       |       |     1 |     2 ||     3
  Use: Potion            |       |       |       |     7 |     7 ||    14
       Scroll            |       |       |       |     2 |     1 ||     3
 Stab: Petrified         |       |       |       |    12 |       ||    12
       Confused          |       |       |       |       |     2 ||     2
       Invisible         |       |       |       |       |     1 ||     1
  Eat: Ration            |       |       |       |     2 |     2 ||     4
       Chunk             |       |       |       |     1 |     1 ||     2
Armor: Leather armour    |    44 |       |       |       |       ||    44
       Ring mail         |       |    28 |    24 |    25 |       ||    77
       Plate armour      |       |       |       |    99 |   269 ||   368
Dodge: Dodged            |    69 |    25 |    43 |    90 |   174 ||   401
       Deflected         |       |       |       |       |     7 ||     7
Block: Other             |       |     1 |     9 |    79 |   129 ||   218

Table legend:
 A = Spawn XP
 B = Non-spawn XP
 C = Spawn XP percentage of total XP
 D = Spawn monster count
 E = Non-spawn monster count
 F = Spawn count percentage of total count
 G = Total turns spent on level
                    A         B        C        D         E        F      G
               +---------+---------+-------+---------+---------+-------+---------
         Total |       0 |   89149 |   0.0 |       0 |     177 |   0.0 |  4980
               +---------+---------+-------+---------+---------+-------+---------
             D |       0 |   89149 |   0.0 |       0 |     177 |   0.0 |  4980
               +---------+---------+-------+---------+---------+-------+---------
